 Dungeon Crawl Stone Soup version 0.27.1-34-g3ba077fa99 (webtiles) character file.

Game seed: 12631671038663686237

140 pkoi the Insei (level 5, -1/45 HPs)
             Began as a Draconian Monk on Jan 7, 2022.
             Slain by an iguana (8 damage)
             ... on level 4 of the Dungeon.
             The game lasted 00:03:00 (2861 turns).

pkoi the Insei (Draconian Monk)                     Turns: 2861, Time: 00:03:01

Health: -1/45      AC:  6    Str: 13    XL:     5   Next: 2%
Magic:  5/5        EV: 12    Int: 12    God:
Gold:   124        SH:  0    Dex: 13    Spells: 2/4 levels left

rFire    . . .     SeeInvis .     - Unarmed
rCold    + . .     Faith    .   (no shield)
rNeg     . . .     Spirit   .   (armour unavailable)
rPois    .         Reflect  .   c - +1 hat
rElec    .         Harm     .   (no cloak)
rCorr    .         Rampage  .   (no gloves)
Will     .....                  (no boots)
Stlth    ++........             (no amulet)
HPRegen  0.15/turn              e - ring of protection from cold
MPRegen  0.09/turn              (no ring)

@: no status effects
A: AC +5, unfitting armour, cold-blooded
a: no special abilities


You were on level 4 of the Dungeon.
You visited 1 branch of the dungeon, and saw 4 of its levels.

You collected 124 gold pieces.

Inventory:

Hand Weapons
 a - a +1 dagger
Missiles
 f - 18 poisoned darts (quivered)
Armour
 c - a +1 hat (worn)
Jewellery
 e - a ring of protection from cold (left hand)
Scrolls
 d - a scroll of identify
Potions
 b - a potion of resistance


   Skills:
 - Level 3.2 Fighting
 - Level 2.6 Dodging
 - Level 1.7 Stealth
 + Level 5.7 Unarmed Combat


You had 2 spell levels left.
You knew the following spells:

 Your Spells              Type           Power      Damage    Failure   Level
a - Blink                 Tloc           N/A        N/A       45%         2

Your spell library contained the following spells:

 Spells                   Type           Power      Damage    Failure   Level
 Manifold Assault         Tloc           0%         N/A       100%        5
 Storm Form               Tmut/Air       0%         N/A       100%        7


Dungeon Overview and Level Annotations

Branches:
Dungeon (4/15)
 Temple: D:4-7

Altars:
Trog

Annotations:
D:3 Natasha


Innate Abilities, Weirdness & Mutations

Your plain brown scales are hard. (AC +5)
You cannot fit into any form of body armour.
You are cold-blooded and may be slowed by cold attacks.


Message History

There is a stone staircase leading down here.
The shadow imp hits you but does no damage.
Natasha closely misses you.
You climb downwards.
The endoplasm quivers.
The goblin shouts!
There is a stone staircase leading up here.
You hit the goblin.
The goblin is heavily wounded.
You miss the goblin.
The goblin is heavily wounded.
The goblin closely misses you.
You barely miss the goblin. Your punch misses the goblin.
The goblin is heavily wounded.
The goblin barely misses you.
You hit the goblin. You punch the goblin.
You kill the goblin!
You hit the endoplasm.
You tail-slap the endoplasm, but do no damage.
The endoplasm is almost dead.
The endoplasm jiggles.
The endoplasm closely misses you.
You punch the endoplasm!
You kill the endoplasm!
You see here a +0 dagger.
The iguana hisses menacingly.
Found a potion of heal wounds.
The iguana hisses menacingly.
Found a stone staircase leading down.
You see here a potion of heal wounds.
g - a potion of heal wounds The iguana closely misses you.
You feel much better. The iguana bites you!
You closely miss the iguana. The iguana barely misses you.
You closely miss the iguana. The iguana bites you!
* * * LOW HITPOINT WARNING * * *
You hit the iguana but do no damage. The iguana bites you!
* * * LOW HITPOINT WARNING * * *
You closely miss the iguana. The iguana bites you!
You die...

.. ... #.# ## ###
###.#####.# #..
.........# #.. ....
..# #.#..####.# #.#
#....@l...### #.#
#..>.###....###.#
..................#
####...######.###.#
#...######.###.######
#....................
#.#........<)..######
#.##############


You could see an iguana.

Vanquished Creatures
  Natasha (D:3)
  5 adders
  A worm (D:3)
  A dart slug (D:3)
  4 ball pythons
  A bat (D:1)
  11 endoplasms
  5 giant cockroaches
  10 goblins
  5 hobgoblins
  3 jackals (D:3)
  2 kobolds (D:2)
  2 quokkas
  3 frilled lizards
  7 rats
61 creatures vanquished.

Notes
Turn   | Place    | Note
-------+----------+-------------------------------------------
     0 | D:1      | pkoi the Draconian Monk began the quest for the Orb.
     0 | D:1      | Reached XP level 1. HP: 19/19 MP: 1/1
   213 | D:1      | Reached XP level 2. HP: 26/26 MP: 2/2
   768 | D:1      | Reached skill level 4 in Unarmed Combat
   999 | D:2      | Reached XP level 3. HP: 30/31 MP: 3/3
  1120 | D:2      | Learned a level 2 spell: Blink
  1249 | D:2      | Found a bloodstained altar of Trog.
  1934 | D:3      | Reached XP level 4. HP: 36/38 MP: 4/4
  2059 | D:3      | Reached skill level 5 in Unarmed Combat
  2745 | D:3      | Noticed Natasha
  2764 | D:3      | Killed Natasha
  2765 | D:3      | Reached XP level 5. HP: 21/45 MP: 5/5
  2788 | D:3      | Noticed Natasha
  2861 | D:4      | Slain by an iguana

Illustrated notes

Levels and vault maps discovered:
D:1:      dpeg_arrival_prison, layout_rooms
D:2:      layout_rooms, serial_corexii_hall, corexii_hall_statues_l,
          corexii_hall_statues_x, corexii_hall_statues_l,
          chequers_hall_statues_y, basic_altar
D:3:      layout_basic, minmay_quadrilaterals, uniq_natasha
D:4:      layout_loops_ring, temple_statues, gammafunk_ghost_nasty_kobolds

Skill      XL: |  1  2  3  4 |
---------------+-------------+-----
Unarmed Combat | 4 5 |  5.7
Fighting       | |  3.2
Dodging        | |  2.6
Stealth        | |  1.7

Action                   |  1- 3 |  4- 6 || total
-------------------------+-------+-------++-------
Melee: Unarmed           |   107 |    85 ||   192
       Tailslap          |    11 |     7 ||    18
       Punch             |     1 |     3 ||     4
  Use: Scroll            |     2 |     3 ||     5
       Potion            |       |     4 ||     4
 Stab: Sleeping          |     8 |     3 ||    11
Armor: Skin              |    34 |    19 ||    53
Dodge: Dodged            |    57 |    48 ||   105
